 Dungeon Crawl Stone Soup version 0.22-a0-605-g9281fa2 (webtiles) character file.

69 Amnesiac the Changer (level 4, -3/26 HPs)
             Began as a Deep Elf Transmuter on July 8, 2018.
             Slain by an iguana (9 damage)
             ... on level 4 of the Dungeon.
             The game lasted 00:04:12 (1968 turns).

Amnesiac the Changer (Deep Elf Transmuter)          Turns: 1968, Time: 00:04:13

Health: -3/26      AC:  2    Str:  7    XL:     4   Next: 2%
Magic:  3/10       EV: 20    Int: 19    God:
Gold:   67         SH:  0    Dex: 20    Spells: 3/9 levels left

rFire    . . .     SeeInvis .     - Unarmed
rCold    . . .     Gourm    .   (shield currently unavailable)
rNeg     . . .     Faith    .   (armour currently unavailable)
rPois    x         Spirit   .   (helmet currently unavailable)
rElec    .         Reflect  .   (cloak currently unavailable)
rCorr    .         Harm     .   (gloves currently unavailable)
MR       .....                  (boots currently unavailable)
Stlth    ++........             (no amulet)
HPRegen  0.08/turn              (no ring)
MPRegen  0.12/turn              (no ring)

@: spider-form, very slightly contaminated
A: tiny
a: End Transformation


You were on level 4 of the Dungeon.
You were hungry.
You were a venomous arachnid creature.
You visited 1 branch of the dungeon, and saw 4 of its levels.

You collected 67 gold pieces.

Inventory:

Missiles
 a - 3 arrows
Armour
 b - a +0 robe (melded)
 h - a +0 pair of gloves
Scrolls
 c - 3 scrolls of identify {!r, unknown}
 g - a scroll of fog {!r, unknown}
 j - a scroll of remove curse {!r, unknown}
 k - a scroll of amnesia {!r, unknown}
 m - 3 scrolls of magic mapping {!r, unknown}
Potions
 e - a potion of invisibility {!q, unknown}
 f - a potion of haste {!q, unknown}
 i - a potion of agility {!q, unknown}
Comestibles
 d - 2 rations


   Skills:
 + Level 2.3 Fighting
 - Level 2.4 Dodging
 - Level 2.4 Unarmed Combat
 - Level 3.0 Spellcasting
 - Level 3.6 Transmutations


You had 3 spell levels left.
You knew the following spells:

 Your Spells              Type           Power        Failure   Level  Hunger
a - Beastly Appendage     Tmut           ###...       12%         1    None
b - Sticks to Snakes      Tmut           ###.....     16%         2    ##.....
e - Spider Form           Tmut/Pois      #.........   43%         3    ###....

Your spell library contained the following spells:

 Spells                   Type           Power        Failure   Level  Hunger
 Blade Hands              Tmut           ###.......   85%         5    ######.
 Ice Form                 Ice/Tmut       #.......     77%         4    ####...


Dungeon Overview and Level Annotations

Branches:
Dungeon (4/15)
 Temple: D:4-7

Altars:


Message History

There is a stone staircase leading up here.
Magic restored.
There is a stone staircase leading up here.
An ogre comes into view. It is wielding a giant club.
An ogre is nearby!
An ogre is nearby!
Casting: Spider Form (safe; 22% risk of failure)
Confirm with . or Enter, or press ? or * to list all spells.
You turn into a venomous arachnid creature.
Your transformation is almost over.
The helpless ogre fails to defend itself.
You hit the ogre.
The ogre is moderately wounded.
The ogre hits you with a giant club!!
Ouch! That really hurt!
* * * LOW HITPOINT WARNING * * *
Your transformation has ended.
There is a stone staircase leading up here.
You climb upwards.
There is a stone staircase leading down here.
You start resting.
Eating one of 2 chunks of flesh.
You eat one of the 2 chunks of flesh.
This raw flesh tastes terrible.
Magic restored.
You see here a hand axe.
There is a stone staircase leading down here.
You start resting.
All of the chunks of flesh in your inventory have rotted away.
HP restored.
You start resting.
HP restored.
You climb downwards.
There is a stone staircase leading up here.
An iguana comes into view.
The iguana hisses angrily.
An iguana is nearby!
Casting: Spider Form (safe; 22% risk of failure)
Confirm with . or Enter, or press ? or * to list all spells.
You create 2 snakes!
You now have 3 arrows.
Casting: Sticks to Snakes (safe; 5% risk of failure)
Confirm with . or Enter, or press ? or * to list all spells.
You miscast Spider Form.
You are very lightly contaminated with residual magic.
You feel sick.
You are feeling hungry.
You swap places.
The iguana bites you!
Ouch! That really hurt!
* * * LOW HITPOINT WARNING * * *
You swap places.
The iguana bites your ball python.
Your ball python grabs the iguana.
Your ball python constricts the iguana.
Casting: Spider Form (safe; 22% risk of failure)
Confirm with . or Enter, or press ? or * to list all spells.
You turn into a venomous arachnid creature.
The iguana bites your ball python!
Your ball python dies!
You hit the iguana but do no damage. The iguana bites you!
* * * LOW HITPOINT WARNING * * *
You hit the iguana but do no damage. The iguana closely misses you.
Unknown command.
You completely miss the iguana. The iguana closely misses you.
Unknown command.
You hit the iguana but do no damage.
The iguana is poisoned.
The iguana bites you!
You die...

#### ## ...#.
#.#.####
#.#....#########
#..##...##...#.
##..####...# #.#
##.#..#
##..###.#
####.####.#
#..##..# #.Ss##
#..#..#..##
#.##l#
#........# #.
#.# ##..###.#...
#. ##. #..##
#<#### # .#.....
##.# ..##...#
#.# #
.###....###.###
## #........
#...>.###


You could see an iguana and a friendly ball python.

Vanquished Creatures
  An iguana (D:4)
  An ooze (D:3)
  A dart slug (D:1)
  3 giant cockroaches
  A hobgoblin (D:1)
  7 jackals (D:1)
  3 bats (D:1)
  3 frilled lizards
  A kobold (D:2)
  5 rats (D:1)
26 creatures vanquished.

Vanquished Creatures (collateral kills)
  An adder (D:3)
  A quokka (D:2)
  A bat (D:1)
  A kobold (D:3)
  2 rats
6 creatures vanquished.

Grand Total: 32 creatures vanquished

Notes
Turn   | Place    | Note
-------+----------+-------------------------------------------
     0 | D:1      | Amnesiac the Deep Elf Transmuter began the quest for the Orb.
     0 | D:1      | Reached XP level 1. HP: 11/11 MP: 6/6
   169 | D:1      | Reached XP level 2. HP: 13/16 MP: 6/8
   173 | D:1      | Learned a level 2 spell: Sticks to Snakes
   906 | D:2      | Reached skill level 1 in Fighting
  1277 | D:3      | Reached XP level 3. HP: 20/20 MP: 6/9
  1282 | D:3      | Learned a level 3 spell: Spider Form
  1587 | D:4      | Reached XP level 4. HP: 20/26 MP: 4/10
  1645 | D:4      | Noticed an ogre
  1968 | D:4      | Slain by an iguana

Vault maps used:
D:1:      scummos_arrival_checkerplants
D:2:      minmay_misc_feat_tower, uniq_terence
D:4:      kennysheep_mini, chequers_temple_overflow_minitemple,
          minmay_misc_feat_chi

Skill      XL: |  1  2  3 |
---------------+----------+-----
Transmutations | 3 |  3.6
Fighting       | 1 2 |  2.3
Dodging        | |  2.4
Unarmed Combat | |  2.4
Spellcasting   | |  3.0

Action                   |  1- 3 |  4- 6 || total
-------------------------+-------+-------++-------
Melee: Unarmed           |   125 |     5 ||   130
       Kick              |    19 |       ||    19
       Headbutt          |     2 |       ||     2
       Punch             |     1 |       ||     1
 Cast: Beastly Appendage |    14 |       ||    14
       Sticks to Snakes  |     7 |     1 ||     8
       Spider Form       |     5 |     2 ||     7
 Stab: Sleeping          |     1 |     1 ||     2
  Eat: Chunk             |     3 |     1 ||     4
Armor: Robe              |    18 |       ||    18
Dodge: Dodged            |   100 |     2 ||   102

Table legend:
 A = Spawn XP
 B = Non-spawn XP
 C = Spawn XP percentage of total XP
 D = Spawn monster count
 E = Non-spawn monster count
 F = Spawn count percentage of total count
 G = Total turns spent on level
                    A         B        C        D         E        F      G
               +---------+---------+-------+---------+---------+-------+---------
         Total |       0 |      99 |   0.0 |       0 |      32 |   0.0 |  1968
               +---------+---------+-------+---------+---------+-------+---------
           D:1 |       0 |      34 |   0.0 |       0 |      20 |   0.0 |   892
           D:2 |       0 |       4 |   0.0 |       0 |       4 |   0.0 |   284
           D:3 |       0 |      24 |   0.0 |       0 |       7 |   0.0 |   630
           D:4 |       0 |      37 |   0.0 |       0 |       1 |   0.0 |   162
               +---------+---------+-------+---------+---------+-------+---------
